 Dungeon Sprint DCSS version 0.29.1-12-g30fa7ad0bf (webtiles) character file.

Game seed: 1279988037866372452

365 Groucho the Ducker (level 6, 0/28 HPs)
             Began as a Spriggan Earth Elementalist on Jan 4, 2023.
             Was an Elder of Vehumet.
             Killed from afar by a white imp (8 damage)
             ... with a puff of frost
             ... in the Dungeon (Sprint VII: "The Pits").
             The game lasted 00:03:40 (1670 turns).

Groucho the Ducker (Spriggan Earth Elementalist)    Turns: 1670, Time: 00:03:40

Health: 0/28       AC:  2    Str:  6    XL:     6   Next: 40%
Magic:  10/16      EV: 21    Int: 16    God:    Vehumet [****..]
Gold:   0          SH:  0    Dex: 16    Spells: 8/18 levels left

rFire   . . .      SeeInvis +   m - +1 quarterstaff (speed)
rCold   . . .      Faith    .   (shield currently unavailable)
rNeg    . . .      Spirit   .   a - +0 robe
rPois   .          Reflect  .   (helmet restricted)
rElec   .          Harm     .   (no cloak)
rCorr   .          Rampage  .   (gloves unavailable)
Will    +....      NoTele   +   (boots unavailable)
Stlth   ++........              (no amulet)
HPRegen 0.09/turn               (no ring)
MPRegen 0.15/turn               (no ring)

@: very quick
A: very small, no large weapons, unfitting armour, see invisible, speed 3
a: Renounce Religion


You were in the Dungeon.
You worshipped Vehumet.
Vehumet was greatly pleased with you.
You visited 1 branch

Inventory:

Hand Weapons
 m - a +1 quarterstaff of speed (weapon)
Missiles
 j - 10 stones
Armour
 a - a +0 robe (worn)
Scrolls
 g - a scroll of blinking
 k - 5 scrolls of amnesia
 l - a scroll of summoning
Potions
 b - 5 potions of magic
 c - 6 potions of curing
 d - 6 potions of heal wounds
 e - a potion of haste
 f - 3 potions of berserk rage
 i - 2 potions of invisibility


   Skills:
 + Level 7.4 Dodging
 - Level 3.0 Stealth
 + Level 6.9 Spellcasting
 * Level 5.1 Conjurations
 + Level 7.0 Transmutations
 * Level 7.4 Earth Magic


You had 8 spell levels left.
You knew the following spells:

 Your Spells              Type           Power      Damage    Failure   Level
a - Sandblast             Erth           58%        2d13      1%          1
b - Shock                 Conj/Air       52%        1d6       1%          1
c - Stone Arrow           Conj/Erth      50%        3d10      1%          3
d - Foxfire               Conj/Fire      52%        2x1d6     1%          1
e - Petrify               Tmut/Erth      28%        N/A       6%          4

Your spell library contained the following spells:

 Spells                   Type           Power      Damage    Failure   Level
 Sticky Flame             Conj/Fire      13%        2d4       12%         4
 Passwall                 Tmut/Erth      23%        N/A       1%          2


Dungeon Overview and Level Annotations

Branches:
Dungeon (1/1)

Altars:
Ashenzari
Cheibriados
Dithmenos
Elyvilon
Fedhas
Gozag
Hepliaklqana
Kikubaaqudgha
Makhleb
Nemelex Xobeh
Okawaru
Qazlal
Ru
Sif Muna
Trog
Uskayaw
Vehumet
Wu Jian
Xom
Yredelemnul
Zin
The Shining One
Jiyva
Lugonu


Innate Abilities, Weirdness & Mutations

You are very small and have problems with some larger weapons.
You are too small for most types of armour.
You have supernaturally acute eyesight. (SInv)
You cover ground extremely quickly. (Speed+++)


Message History

Aiming: Sandblast (safe; 1% risk of failure)
Press: ? - help, Shift-Dir - straight line, f - orc priest
Aim: an orc priest, wielding a +0 hand axe and wearing a +0 scale mail (85% to hit)
The blast of sand hits the orc priest!
The orc priest is almost dead.
The orc priest misses you.
The orc priest mumbles some strange prayers to Beogh against you.
You resist with significant effort. The white imp completely misses you.
Casting: Sandblast (safe; 1% risk of failure)
Confirm with . or Enter, or press ? or * to list all spells.
Aiming: Sandblast (safe; 1% risk of failure)
Press: ? - help, Shift-Dir - straight line, f/p - orc priest
Aim: an orc priest, wielding a +0 hand axe and wearing a +0 scale mail (almost dead, 85% to hit)
The blast of sand hits the orc priest!
You kill the orc priest!
Vehumet accepts your kill.
Vehumet is now extending the range of your destructive spells.
The white imp barely misses you.
Your Conjurations skill increases to level 5!
Your Transmutations skill increases to level 7!
Unknown command.
Unknown command.
Casting: Sandblast (safe; 1% risk of failure)
Confirm with . or Enter, or press ? or * to list all spells.
Aiming: Sandblast (safe; 1% risk of failure)
Press: ? - help, Shift-Dir - straight line, f - iron imp
Aim: an iron imp (87% to hit)
The blast of sand hits the iron imp!
The iron imp is heavily wounded.
The white imp hits you. The white imp freezes you.
The iron imp closely misses you. The white imp gestures at you.
The puff of frost hits you!
* * * LOW HITPOINT WARNING * * *
Unknown command.
There is an open door here.
You see here a +0 club.
The white imp gestures at you. The puff of frost hits you!
You die...

#...........'....)
#'#####'#####.....
#.#..#...).##.....
#.#))#####'#####'#
#.#))#.....##.....
#.#))#.....##.....
#.#[[###'####.....
#.##'#.....##...<.
#@#........##.....
#)#........##.....
#'###########.....
#55.....# ######
#.).#...# #...# .#
#.##.# #.. #.. #..
...


You could see an iron imp and a white imp.

Vanquished Creatures
  An ice beast (D)
  A phantom (D)
  A scorpion (D)
  A quasit (D)
  2 orc priests (D)
  An orc wizard (D)
  An adder (D)
  2 ufetubi (D)
  An adder skeleton (D)
  A bat zombie (D)
  A kobold (D)
  A frilled lizard (D)
  A rat (D)
15 creatures vanquished.

Vanquished Creatures (others)
  5 foxfires (D)
5 creatures vanquished.

Grand Total: 20 creatures vanquished

Notes
Turn   | Place    | Note
-------+----------+-------------------------------------------
     0 | D        | Groucho the Spriggan Earth Elementalist began the quest for
                  | the Orb.
     0 | D        | Reached XP level 1. HP: 9/9 MP: 5/5
    13 | D        | Reached XP level 2. HP: 13/13 MP: 5/7
    44 | D        | Found a bloodstained altar of Trog.
    44 | D        | Found a shimmering blue altar of Sif Muna.
    44 | D        | Found a viscous altar of Jiyva.
    44 | D        | Found a hazy altar of Hepliaklqana.
    44 | D        | Found an opulent altar of Gozag.
    45 | D        | Found a glowing golden altar of the Shining One.
    45 | D        | Found a glowing silver altar of Zin.
    45 | D        | Found a basalt altar of Yredelemnul.
    45 | D        | Found a shimmering altar of Xom.
    45 | D        | Found an ornate altar of the Wu Jian Council.
    45 | D        | Found a sacrificial altar of Ru.
    45 | D        | Found a stormy altar of Qazlal.
    45 | D        | Found an iron altar of Okawaru.
    45 | D        | Found a sparkling altar of Nemelex Xobeh.
    45 | D        | Found a burning altar of Makhleb.
    45 | D        | Found a blossoming altar of Fedhas.
    45 | D        | Found a white marble altar of Elyvilon.
    45 | D        | Found a shadowy altar of Dithmenos.
    45 | D        | Found a snail-covered altar of Cheibriados.
    47 | D        | Found a corrupted altar of Lugonu.
    47 | D        | Found a radiant altar of Vehumet.
    48 | D        | Found an ancient bone altar of Kikubaaqudgha.
    48 | D        | Found a hide-covered altar of Uskayaw.
    48 | D        | Found a broken altar of Ashenzari.
    56 | D        | Became a worshipper of Vehumet
   308 | D        | Reached * piety under Vehumet
   308 | D        | Offered knowledge of Shock by Vehumet.
   791 | D        | Learned a level 1 spell: Shock
   794 | D        | Noticed a phantom
   801 | D        | Killed a phantom
   801 | D        | Offered knowledge of Foxfire by Vehumet.
   801 | D        | Reached ** piety under Vehumet
   802 | D        | Reached skill level 5 in Dodging
   802 | D        | Reached skill level 5 in Earth Magic
   802 | D        | Reached XP level 3. HP: 7/16 MP: 1/10
   802 | D        | Reached XP level 4. HP: 10/21 MP: 1/11
  1163 | D        | Reached skill level 5 in Spellcasting
  1228 | D        | Learned a level 3 spell: Stone Arrow
  1230 | D        | Learned a level 1 spell: Foxfire
  1230 | D        | Noticed an ice beast
  1231 | D        | Noticed a scorpion
  1239 | D        | Offered knowledge of Inner Flame by Vehumet.
  1240 | D        | Reached skill level 5 in Transmutations
  1240 | D        | Reached *** piety under Vehumet
  1241 | D        | Reached XP level 5. HP: 22/24 MP: 8/14
  1274 | D        | Killed an ice beast
  1276 | D        | Reached XP level 6. HP: 20/28 MP: 5/16
  1628 | D        | Learned a level 4 spell: Petrify
  1664 | D        | Offered knowledge of Sticky Flame by Vehumet.
  1666 | D        | Reached **** piety under Vehumet
  1667 | D        | Reached skill level 5 in Conjurations
  1670 | D        | Killed from afar by a white imp

Illustrated notes

Levels and vault maps discovered:
D:        pitsprint [storerooms_1, entrance_room_1, metal_vault_2, armoury_2,
          mini_pit_1, grid_room_1, main_hall_1, silver_pit, the_coven_3,
          the_vestibule_1, steel_vault_2, golden_pit, hallway_of_sentries,
          crystal_vault_4, iron_vault_2, final_vault]

Skill      XL: |  1  2  3  4  5  6 |
---------------+-------------------+-----
Dodging        | 3 5 6 7 |  7.4
Spellcasting   | 3 4 5 6 |  6.9
Transmutations | 2 4 5 6 7 |  7.0
Earth Magic    | 3 5 6 7 |  7.4
Conjurations   | 2 3 4 5 |  5.1
Stealth        | |  3.0

Action                   |  1- 3 |  4- 6 || total
-------------------------+-------+-------++-------
Melee: Quarterstaff      |     8 |       ||     8
 Cast: Sandblast         |    11 |    19 ||    30
       Shock             |       |     3 ||     3
       Foxfire           |       |     3 ||     3
       Stone Arrow       |       |     1 ||     1
 Stab: Sleeping          |     1 |       ||     1
Armor: Robe              |       |     3 ||     3
Dodge: Dodged            |    11 |    19 ||    30
